 Dungeon Crawl Stone Soup version 0.23.2-30-g0e89c35649 (webtiles) character file.

Game seed: 10961722128182482993

6557 Kairos the Cleaver (level 10, 0/92 HPs)
             Began as a Deep Dwarf Fighter on June 10, 2019.
             Was a Follower of Makhleb.
             Slain by a blink frog (3 damage)
             ... on level 1 of the Lair of Beasts.
             The game lasted 00:14:22 (7286 turns).

Kairos the Cleaver (Deep Dwarf Fighter)             Turns: 7286, Time: 00:14:23

Health: 0/92       AC: 16    Str: 22    XL:     10   Next: 70%
Magic:  6/6        EV:  6    Int: 10    God:    Makhleb [*.....]
Gold:   290        SH: 17    Dex: 12    Spells: 9/9 levels left

rFire    + . .     SeeInvis .   a - +1 war axe
rCold    + . .     Gourm    .   D - +0 large shield
rNeg     . . .     Faith    .   u - +3 chain mail {rF+}
rPois    +         Spirit   .   m - +2 helmet
rElec    .         Reflect  .   (no cloak)
rCorr    .         Harm     .   (no gloves)
MR       +....                  (no boots)
Stlth    ..........             (no amulet)
HPRegen  0.00/turn              E - ring of poison resistance
MPRegen  0.10/turn              L - ring of protection from cold

@: lethally poisoned (0 -> 0), non-regenerating
A: damage resistance, heal wounds, sense surroundings 2, no regeneration
a: Heal Wounds, Renounce Religion


You were on level 1 of the Lair of Beasts.
You worshipped Makhleb.
Makhleb was aware of your devotion.
You were hungry.

You visited 3 branches of the dungeon, and saw 11 of its levels.

You collected 395 gold pieces.
You spent 105 gold pieces at shops.

Inventory:

Hand Weapons
 a - a +1 war axe (weapon)
Missiles
 G - 7 silver javelins (quivered)
 K - a throwing net
Armour
 c - a +0 shield
 m - a +2 helmet (worn)
 u - a +3 chain mail of fire resistance (worn)
 D - a +0 large shield (worn)
Magical Staves
 B - an uncursed staff of air
Jewellery
 E - a ring of poison resistance (left hand)
 H - an uncursed ring of magical power
 L - a ring of protection from cold (right hand)
Wands
 p - a wand of random effects (19)
 r - a wand of paralysis (6)
 w - a wand of flame (20)
 A - a wand of acid (15)
 F - a wand of scattershot (4)
 I - a wand of enslavement (8)
Scrolls
 b - a scroll of enchant weapon
 g - 7 scrolls of remove curse
 i - 2 scrolls of immolation
 k - 3 scrolls of magic mapping
 q - a scroll of amnesia {unknown}
 s - 5 scrolls of teleportation
 y - 9 scrolls of identify
 J - a scroll of fog {unknown}
Potions
 d - 2 potions of might
 e - 4 potions of lignification
 j - 3 potions of curing
 l - a potion of cancellation
 n - a potion of degeneration {unknown}
 o - 2 potions of invisibility {unknown}
 t - 2 potions of brilliance
 v - 3 potions of magic {unknown}
 x - 6 potions of heal wounds {unknown}
 z - a potion of agility {unknown}
 C - 3 potions of haste {unknown}
Comestibles
 f - 19 rations


   Skills:
 + Level 6.5 Fighting
 + Level 11.0 Axes
 + Level 7.2 Armour
 + Level 3.7 Dodging
 + Level 0.9 Stealth
 + Level 9.8 Shields
 * Level 1.4 Invocations
 + Level 3.1 Evocations


You had 9 spell levels left.
You didn't know any spells.
Your spell library was empty.

Dungeon Overview and Level Annotations

Branches:
Dungeon (9/15)             Temple (1/1) D:6            Lair (1/6) D:9
    Orc: D:9-12

Altars:
Ashenzari
Cheibriados
Dithmenos
Elyvilon
Fedhas
Gozag
Hepliaklqana
Kikubaaqudgha
Makhleb
Nemelex Xobeh
Okawaru
Qazlal
Ru
Sif Muna
Trog
Uskayaw
Vehumet
Wu Jian
Xom
Yredelemnul
Zin
The Shining One

Shops:
D:9 ?


Innate Abilities, Weirdness & Mutations

You are resistant to damage.
You can heal yourself by infusing magical energy.
You passively map the area around you.
You do not regenerate.


Message History

You block the water moccasin's attack. The blink frog hits you.
The blink frog blinks!
You block the blink frog's attack. The komodo dragon bites you!
The water moccasin closely misses you. You block the blink frog's attack.
The blink frog blinks! x2
You hit the komodo dragon.
The komodo dragon is severely wounded.
You closely miss the blink frog. You barely miss the water moccasin.
You block the water moccasin's attack. The blink frog hits you!
* * * LOW HITPOINT WARNING * * *
The blink frog blinks!
The komodo dragon bites you!!
* * * LOW HITPOINT WARNING * * *
You block the water moccasin's attack.
As you read the scroll labeled VIALUK OTSEUK, it crumbles to dust.
It is a scroll of enchant weapon.
Your +0 war axe glows red for a moment.
The blink frog hits you but does no damage.
The komodo dragon bites you.
* * * LOW HITPOINT WARNING * * *
You block the water moccasin's attack. The blink frog hits you.
You die...

* , , ##.#### * #... , ,
,, .........*#... * , ,
,, , ......... ... , , ,
.........##..# # , , ,
..............#.#..,
............>.8.....8 , ,
, ,...........#...# ,
..........§lS#§.# * , *
*, , #......#.#.@##...# ,
,, ,#.....#..F.F# #§F.# ,
, #...........#, ...S. ,
, ..
#.....P.....#..##....,
,...#.....#..............
...#................ #..
, . ....................
8 * , ..,
.#....§#.....#....., *
.#.###...†.#.....#..... ,
*


You could see a komodo dragon, 2 blink frogs and a water moccasin.

Vanquished Creatures
  Harold (D:8)
  A two-headed ogre (D:9)
  2 trolls
  2 hippogriffs
  A spriggan (D:9)
  Sigmund (D:4)
  A hungry ghost (D:9)
  2 steam dragons
  Menkaure (D:7)
  Edmund (D:4)
  Duvessa (D:4)
  An orc warrior (D:7)
  A porcupine (shapeshifter) (D:9)
  4 ice beasts
  2 sky beasts
  A black bear (D:7)
  3 phantoms
  2 centaurs
  3 ogres
  5 big kobolds
  2 bullfrogs
  A water moccasin zombie (D:7)
  Dowan (D:4)
  3 howler monkeys
  3 crimson imps
  A centaur zombie (D:6)
  A gnoll shaman (D:5)
  6 hounds
  4 orc wizards
  A bullfrog skeleton (D:7)
  A centaur skeleton (D:7)
  Ijyb (D:5)
  2 iguanas
  Natasha (thrice) (D:2)
  9 worker ants
  Robin (D:2)
  9 gnolls
  A howler monkey skeleton (D:7)
  10 adders
  2 shadow imps
  An ooze (D:2)
  An adder skeleton (D:7)
  4 leopard geckos
  16 orcs
  11 giant cockroaches
  13 goblins
  8 hobgoblins
  4 jackals (D:8)
  5 quokkas
  5 ball pythons
  A ball python skeleton (D:4)
  10 bats
  10 frilled lizards
  62 kobolds
  A leopard gecko zombie (D:5)
  A quokka zombie (D:5)
  7 rats
258 creatures vanquished.

Notes
Turn   | Place    | Note
-------+----------+-------------------------------------------
     0 | D:1      | Kairos the Deep Dwarf Fighter began the quest for the Orb.
     0 | D:1      | Reached XP level 1. HP: 20/20 MP: 1/1
   148 | D:1      | Reached XP level 2. HP: 27/27 MP: 2/2
   599 | D:2      | Noticed Robin
   609 | D:2      | Killed Robin
   609 | D:2      | Reached XP level 3. HP: 24/34 MP: 3/3
   661 | D:2      | Found an opulent altar of Gozag.
   775 | D:2      | Reached XP level 4. HP: 42/42 MP: 4/4
   855 | D:2      | Noticed Natasha
   861 | D:2      | Killed Natasha
   889 | D:2      | Found an ancient bone altar of Kikubaaqudgha.
   946 | D:2      | Noticed Natasha
   949 | D:2      | Killed Natasha
   961 | D:2      | Reached skill level 5 in Shields
  1047 | D:2      | Noticed Natasha
  1079 | D:2      | Killed Natasha
  1079 | D:2      | Reached XP level 5. HP: 28/49 MP: 5/5
  1438 | D:3      | Reached skill level 3 in Axes
  1534 | D:3      | Reached skill level 1 in Dodging
  1534 | D:3      | Reached XP level 6. HP: 30/56 MP: 6/6
  1706 | D:3      | Reached skill level 4 in Axes
  1855 | D:3      | Found a shimmering altar of Xom.
  2027 | D:3      | Found a snail-covered altar of Cheibriados.
  2341 | D:3      | Found a hazy altar of Hepliaklqana.
  2513 | D:4      | Noticed Edmund
  2530 | D:4      | Killed Edmund
  2530 | D:4      | Reached skill level 5 in Axes
  2530 | D:4      | Reached XP level 7. HP: 40/63 MP: 7/7
  2582 | D:4      | Found a sacrificial altar of Ru.
  2604 | D:4      | Noticed Sigmund
  2604 | D:4      | Noticed Duvessa
  2604 | D:4      | Noticed Dowan
  2615 | D:4      | Killed Dowan
  2623 | D:4      | Killed Sigmund
  2639 | D:4      | Killed Duvessa
  2639 | D:4      | Reached skill level 6 in Axes
  2639 | D:4      | Reached skill level 5 in Armour
  2792 | D:4      | Reached XP level 8. HP: 48/72 MP: 7/7
  3455 | D:5      | Entered Level 5 of the Dungeon
  3553 | D:5      | Noticed Ijyb
  3563 | D:5      | Killed Ijyb
  3785 | D:5      | Reached skill level 7 in Axes
  4003 | D:5      | Reached skill level 5 in Fighting
  4392 | D:6      | Reached skill level 1 in Evocations
  4469 | D:6      | Reached skill level 8 in Axes
  4513 | D:6      | Gained mutation: You passively map the area around you.
                  | [Deep Dwarf growth]
  4513 | D:6      | Reached XP level 9. HP: 66/81 MP: 9/9
  4717 | D:6      | Found a staircase to the Ecumenical Temple.
  4936 | Temple   | Entered the Ecumenical Temple
  5038 | Temple   | Became a worshipper of Makhleb the Destroyer
  5144 | D:7      | Noticed a troll
  5159 | D:7      | Killed a troll
  5377 | D:7      | Reached skill level 9 in Axes
  5443 | D:7      | Found an iron altar of Okawaru.
  5524 | D:7      | Noticed Menkaure
  5534 | D:7      | Killed Menkaure
  5637 | D:7      | Reached * piety under Makhleb
  6097 | D:8      | Noticed Harold
  6116 | D:8      | Killed Harold
  6116 | D:8      | Reached skill level 10 in Axes
  6116 | D:8      | Reached XP level 10. HP: 39/91 MP: 8/8
  6629 | D:9      | Found a staircase to the Lair.
  6630 | D:9      | Noticed a two-headed ogre
  6724 | D:9      | Noticed a spiny frog
  6727 | D:9      | a spiny frog changed into a hog
  6731 | D:9      | Noticed a black mamba
  6731 | D:9      | a hog changed into a black mamba
  6739 | D:9      | a black mamba changed into a blink frog
  6760 | D:9      | Killed a two-headed ogre
  6823 | D:9      | Found Boimoa's Magic Scroll Shop.
  7128 | D:9      | Reached skill level 1 in Invocations
  7206 | D:9      | Bought a scroll of enchant armour for 105 gold pieces
  7230 | Lair:1   | Entered Level 1 of the Lair of Beasts
  7243 | Lair:1   | Reached skill level 11 in Axes
  7286 | Lair:1   | HP: 3/92 [komodo dragon (2)]
  7286 | Lair:1   | Slain by a blink frog

Skill      XL: |  1  2  3  4  5  6  7  8  9 10 |
---------------+-------------------------------+-----
Fighting       | 3 4 5 6 |  6.5
Shields        | 4 5 6 7 9 |  9.8
Armour         | 4 5 6 7 |  7.2
Axes           | 3 5 6 8 10 11 | 11.0
Dodging        | 1 2 3 |  3.7
Evocations     | 1 2 3 |  3.1
Invocations    | 1 |  1.4
Stealth        | |  0.9

Action                   |  1- 3 |  4- 6 |  7- 9 | 10-12 || total
-------------------------+-------+-------+-------+-------++-------
Melee: War axe           |   127 |   277 |   454 |   121 ||   979
 Abil: Heal Wounds       |     1 |     2 |    11 |     7 ||    21
Evoke: Wand              |       |       |    18 |    12 ||    30
  Use: Scroll            |       |     1 |     6 |     3 ||    10
       Potion            |       |     1 |       |       ||     1
  Eat: Chunk             |       |     5 |     8 |     3 ||    16
       Ration            |       |       |     2 |       ||     2
Armor: Scale mail        |    58 |    32 |       |       ||    90
       Chain mail        |       |   112 |   251 |    59 ||   422
Dodge: Dodged            |    49 |    82 |   121 |    21 ||   273
Block: Shield            |    77 |   191 |   153 |       ||   421
       Large shield      |       |       |   221 |   136 ||   357
